 Dungeon Crawl Stone Soup version 0.28.0-45-g0d030f2227 (webtiles) character file.

Game seed: 12038400703379318260

473 DearestLeader the Shield-Bearer (level 7, -5/59 HPs)
             Began as a Gnoll Fighter on Apr 4, 2022.
             Slain by an ogre
             ... wielding a +0 giant spiked club
              (10 damage)
             ... on level 4 of the Dungeon.
             The game lasted 00:06:48 (2999 turns).

DearestLeader the Shield-Bearer (Gnoll Fighter)     Turns: 2999, Time: 00:06:49

Health: -5/59      AC:  7    Str: 18    XL:     7   Next: 10%
Magic:  10/10      EV: 15    Int:  7    God:
Gold:   131        SH:  5    Dex: 11    Spells: 10/10 levels left

rFire   + . .      SeeInvis +   o - +3 whip
rCold   . . .      Faith    .   c - +0 buckler
rNeg    . . .      Spirit   .   k - +0 ring mail {rF+}
rPois   .          Reflect  .   (no helmet)
rElec   .          Harm     .   n - +0 cloak
rCorr   .          Rampage  .   (no gloves)
Will    .....                   (no boots)
Stlth   +.........              (no amulet)
HPRegen 0.19/turn               g - +4 ring of evasion
MPRegen 0.12/turn               h - ring of see invisible

@: no status effects
A: fangs 1, strong nose, distributed training
a: no special abilities


You were on level 4 of the Dungeon.
You visited 1 branch of the dungeon, and saw 4 of its levels.
You also visited: Sewer.

You collected 131 gold pieces.

Inventory:

Hand Weapons
 a - a +0 war axe
 o - a +3 whip (weapon)
Missiles
 d - 21 poisoned darts (quivered)
 m - 19 sling bullets
Armour
 b - a +0 scale mail
 c - a +0 buckler (worn)
 k - a +0 ring mail of fire resistance (worn)
 n - a +0 cloak (worn)
Jewellery
 g - a +4 ring of evasion (left hand)
 h - a ring of see invisible (right hand)
 q - a ring of magical power
Scrolls
 e - 3 scrolls of teleportation
 f - a scroll of silence
 j - a scroll of amnesia
 r - a scroll of enchant weapon {unknown}
 s - a scroll of fog {unknown}
Potions
 i - 2 potions of heal wounds
 l - 4 potions of flight


   Skills:
 + Level 6.9 Fighting
 + Level 2.2 Short Blades
 + Level 2.2 Long Blades
 + Level 5.1 Axes
 + Level 2.2 Maces & Flails
 + Level 2.2 Polearms
 + Level 2.2 Staves
 + Level 2.2 Slings
 + Level 2.2 Bows
 + Level 2.2 Crossbows
 + Level 2.2 Throwing
 + Level 6.9 Armour
 + Level 2.2 Dodging
 + Level 2.2 Stealth
 + Level 6.9 Shields
 + Level 2.2 Unarmed Combat
 + Level 2.2 Spellcasting
 + Level 1.8 Conjurations
 + Level 1.8 Hexes
 + Level 1.8 Summonings
 + Level 1.8 Necromancy
 + Level 1.8 Translocations
 + Level 1.8 Transmutations
 + Level 1.8 Fire Magic
 + Level 1.8 Ice Magic
 + Level 1.8 Air Magic
 + Level 1.8 Earth Magic
 + Level 1.8 Poison Magic
 + Level 2.5 Invocations
 + Level 2.2 Evocations


You had 10 spell levels left.
You didn't know any spells.
Your spell library was empty.

Dungeon Overview and Level Annotations

Branches:
Dungeon (4/15)              Sewer (visited)
 Temple: D:4-7

Altars:


Innate Abilities, Weirdness & Mutations

You have very sharp teeth.
Your uncanny sense of smell can sniff out nearby items.
Your experience applies equally to all skills.


Message History

You closely miss the kobold.
The ogre shouts!
Your bite misses the kobold. The kobold barely misses you.
You hit the kobold.
You kill the kobold!
The ogre closely misses you.
Things that are here:
a +0 short sword; 8 poisoned darts You closely miss the ogre.
You bite the ogre, but do no damage.
The ogre hits you with a +0 giant spiked club!!
You hit the ogre.
The ogre is moderately wounded.
The ogre hits you with a +0 giant spiked club!
You are too injured to fight recklessly!
Throw: 23 darts (poison)
Press: ? - help, Q - select action Shift-Dir - straight line, f - ogre
Aim: an ogre, wielding a +0 giant spiked club (moderately wounded, 75% to hit)
You throw a poisoned dart. The poisoned dart hits the ogre.
The ogre is moderately wounded.
You block the ogre's attack.
Throw: 22 darts (poison)
Press: ? - help, Q - select action Shift-Dir - straight line, f/p - ogre
Aim: an ogre, wielding a +0 giant spiked club (moderately wounded, 75% to hit)
You throw a poisoned dart. The poisoned dart hits the ogre.
The ogre is poisoned.
The ogre is moderately wounded.
The ogre hits you with a +0 giant spiked club!
* * * LOW HITPOINT WARNING * * *
You feel better.
You hit the ogre. You bite the ogre, but do no damage.
The ogre is heavily wounded.
The ogre hits you with a +0 giant spiked club!!
* * * LOW HITPOINT WARNING * * *
You hit the ogre.
The ogre is severely wounded.
The ogre looks more healthy.
The ogre closely misses you.
You whack the ogre!
The ogre is almost dead.
The ogre hits you with a +0 giant spiked club!
You die...

#.# #.# #.# #.# #.# #.#
#.# #.# #.# #.# #.# #.#
#.# #.# #.#
##.####################
#.#
#>....@O.....(..(.)....
#.#
#..######.#.########.##
#.# #..####...#.# ..
##.### #.†##.....#.# #
.....######..##.#.#.#.####
##.#.........##.#.#.#.#..
##.#######......#.#.#.#.#
##.....#
#..#####.#.#.#.#######
######.#
#.....................


You could see an ogre.

Vanquished Creatures
  A sky beast (D:3)
  2 kobold brigands (Sewer)
  A water moccasin zombie (D:3)
  A water moccasin skeleton (D:3)
  An adder (D:2)
  A river rat (Sewer)
  A worm (D:3)
  4 dart slugs
  3 orcs (D:3)
  9 endoplasms
  6 giant cockroaches
  7 goblins
  4 hobgoblins
  8 jackals
  18 kobolds
  3 quokkas
  12 ball pythons
  4 bats
  A frilled lizard (D:1)
  9 rats
96 creatures vanquished.

Notes
Turn   | Place    | Note
-------+----------+-------------------------------------------
     0 | D:1      | DearestLeader the Gnoll Fighter began the quest for the
                  | Orb.
     0 | D:1      | Reached XP level 1. HP: 23/23 MP: 1/1
   100 | D:1      | Reached XP level 2. HP: 29/29 MP: 2/2
   218 | D:1      | Reached XP level 3. HP: 32/35 MP: 3/3
   805 | D:2      | Reached skill level 1 in Invocations
  1017 | D:2      | Reached skill level 1 in Short Blades
  1017 | D:2      | Reached skill level 1 in Long Blades
  1017 | D:2      | Reached skill level 1 in Maces & Flails
  1017 | D:2      | Reached skill level 1 in Polearms
  1017 | D:2      | Reached skill level 1 in Staves
  1017 | D:2      | Reached skill level 1 in Slings
  1017 | D:2      | Reached skill level 1 in Bows
  1017 | D:2      | Reached skill level 1 in Crossbows
  1017 | D:2      | Reached skill level 1 in Throwing
  1017 | D:2      | Reached skill level 1 in Dodging
  1017 | D:2      | Reached skill level 1 in Stealth
  1017 | D:2      | Reached skill level 1 in Unarmed Combat
  1017 | D:2      | Reached skill level 1 in Spellcasting
  1017 | D:2      | Reached skill level 1 in Evocations
  1260 | D:2      | Reached XP level 4. HP: 38/41 MP: 5/5
  1767 | D:3      | Reached skill level 1 in Conjurations
  1767 | D:3      | Reached skill level 1 in Hexes
  1767 | D:3      | Reached skill level 1 in Summonings
  1767 | D:3      | Reached skill level 1 in Necromancy
  1767 | D:3      | Reached skill level 1 in Translocations
  1767 | D:3      | Reached skill level 1 in Transmutations
  1767 | D:3      | Reached skill level 1 in Fire Magic
  1767 | D:3      | Reached skill level 1 in Ice Magic
  1767 | D:3      | Reached skill level 1 in Air Magic
  1767 | D:3      | Reached skill level 1 in Earth Magic
  1767 | D:3      | Reached skill level 1 in Poison Magic
  1767 | D:3      | Reached XP level 5. HP: 36/47 MP: 5/7
  1856 | D:3      | Noticed a sky beast
  1865 | D:3      | Killed a sky beast
  1866 | D:3      | Reached XP level 6. HP: 35/53 MP: 8/8
  1926 | D:3      | Reached skill level 5 in Axes
  1959 | D:3      | Found a glowing drain.
  1963 | Sewer    | Entered a sewer
  2118 | Sewer    | Reached XP level 7. HP: 18/59 MP: 10/10
  2370 | Sewer    | Found a white marble altar of Elyvilon.
  2999 | D:4      | Slain by an ogre

Illustrated notes

Levels and vault maps discovered:
D:1:      dpeg_arrival_shrine, layout_rooms
D:2:      layout_basic
D:3:      layout_rooms, portal_sewer_entry_e
D:4:      layout_basic, nicolae_ru_great_annihilating_truth,
          okawaru_ov_weapons_minmay

Skill      XL: |  1  2  3  4  5  6 |
---------------+-------------------+-----
Invocations    | 1 2 |  2.5
Short Blades   | 1 2 |  2.2
Long Blades    | 1 2 |  2.2
Maces & Flails | 1 2 |  2.2
Polearms       | 1 2 |  2.2
Staves         | 1 2 |  2.2
Slings         | 1 2 |  2.2
Bows           | 1 2 |  2.2
Crossbows      | 1 2 |  2.2
Throwing       | 1 2 |  2.2
Dodging        | 1 2 |  2.2
Stealth        | 1 2 |  2.2
Unarmed Combat | 1 2 |  2.2
Spellcasting   | 1 2 |  2.2
Evocations     | 1 2 |  2.2
Conjurations   | 1 |  1.8
Hexes          | 1 |  1.8
Summonings     | 1 |  1.8
Necromancy     | 1 |  1.8
Translocations | 1 |  1.8
Transmutations | 1 |  1.8
Fire Magic     | 1 |  1.8
Ice Magic      | 1 |  1.8
Air Magic      | 1 |  1.8
Earth Magic    | 1 |  1.8
Poison Magic   | 1 |  1.8
Axes           | 5 |  5.1
Fighting       | |  6.9
Armour         | |  6.9
Shields        | |  6.9

Action                   |  1- 3 |  4- 6 |  7- 9 || total
-------------------------+-------+-------+-------++-------
Melee: War axe           |   102 |       |       ||   102
       Bite              |     7 |     9 |     3 ||    19
       Whip              |       |   150 |    32 ||   182
Throw: Dart              |       |       |     8 ||     8
  Use: Scroll            |     1 |     4 |       ||     5
       Potion            |       |     3 |     1 ||     4
Armor: Scale mail        |    23 |       |       ||    23
       Ring mail         |    13 |    30 |     1 ||    44
Dodge: Dodged            |    65 |    79 |    27 ||   171
Block: Buckler           |    24 |    40 |    11 ||    75
